 Dungeon Crawl Stone Soup version 0.20-a0-848-g73d9be0 (webtiles) character file.

35 Alarkh the Skirmisher (level 3, -9/29 HPs)
             Began as a Demonspawn Abyssal Knight on Mar 9, 2017.
             Was a Follower of Lugonu.
             Mangled by kidcy's ghost (10 damage)
             ... on level 3 of the Dungeon.
             The game lasted 00:01:25 (2407 turns).

Alarkh the Skirmisher (Demonspawn Abyssal Knight)   Turns: 2407, Time: 00:01:26

Health: -9/29      AC:  3    Str: 12    XL:     3   Next: 17%
Magic:  5/5        EV: 19    Int: 19    God:    Lugonu [*.....]
Gold:   106        SH:  0    Dex: 17    Spells: 2/2 levels left

rFire    . . .     SeeInvis .   a - +1 falchion
rCold    . . .     Gourm    .   b - +0 leather armour
rNeg     . . .     Faith    .   (no shield)
rPois    .         Spirit   .   (no helmet)
rElec    .         Reflect  .   (no cloak)
rCorr    .         Harm     .   (no gloves)
MR       .....                  (no boots)
Stlth    ++........             (no amulet)
Regen    0.1/turn               (no ring)
MPRegen  0.1/turn               n - +2 ring of evasion

@: brilliant, agile, flying
A: talons 1
a: Depart the Abyss, Renounce Religion


You were on level 3 of the Dungeon.
You worshipped Lugonu.
Lugonu was aware of your devotion.
You were near starving.

You visited 1 branch of the dungeon, and saw 3 of its levels.
You visited the Abyss 1 time.

You collected 106 gold pieces.

Inventory:

Hand Weapons
 a - a +1 falchion (weapon)
Armour
 b - a +0 leather armour (worn)
Jewellery
 n - a +2 ring of evasion (left hand)
Scrolls
 d - a scroll of amnesia {unknown}
 f - a scroll of recharging {unknown}
 k - a scroll of magic mapping {unknown}
 m - a scroll of fear {unknown}
 o - 2 scrolls of identify {unknown}
Comestibles
 c - 3 bread rations
 i - a meat ration
 j - a royal jelly


   Skills:
 + Level 3.2 Fighting
 * Level 2.1 Long Blades
 + Level 2.1 Armour
 + Level 1.5 Dodging
 + Level 3.0 Invocations


You had 2 spell levels left.
You didn't know any spells.

Dungeon Overview and Level Annotations

Branches:
Dungeon (3/15)

Altars:
Gozag
Nemelex Xobeh

Annotations:
D:3 kidcy's ghost, amateur BaMo


Innate Abilities, Weirdness & Mutations

You have sharp toenails.


Message History

You hit kidcy's ghost but do no damage. Your kick misses kidcy's ghost.
Kidcy's ghost is lightly damaged.
Kidcy's ghost barely misses you.
You hit kidcy's ghost.
Kidcy's ghost is moderately damaged.
Kidcy's ghost hits you but does no damage.
You hit kidcy's ghost but do no damage.
You claw kidcy's ghost, but do no damage.
Kidcy's ghost is moderately damaged.
Kidcy's ghost hits you!
* * * LOW HITPOINT WARNING * * *
Kidcy's ghost barely misses you.
You hit kidcy's ghost but do no damage. Your kick misses kidcy's ghost.
Kidcy's ghost is moderately damaged.
Kidcy's ghost hits you but does no damage.
You barely miss kidcy's ghost.
You claw kidcy's ghost, but do no damage.
Kidcy's ghost is moderately damaged.
Kidcy's ghost hits you!
You die...

## ##. #..
##+### #.##.....
#.#..#.# .#
#@Wg#)# .#
#.#K.# .#
#.##.....##.#
###..###'###..##
#..............
#.####.......#
#.####.<###<.###
#.##...........#
#.##....###..#.#


You could see kidcy's ghost, a hobgoblin and a kobold.

Vanquished Creatures
  3 worms (D:2)
  5 bats
  3 giant cockroaches
  A goblin (D:1)
  4 hobgoblins
  2 ball pythons
  A frilled lizard (D:2)
  5 kobolds
  A rat (D:2)
25 creatures vanquished.

Notes
Turn   | Place    | Note
-------+----------+-------------------------------------------
     0 | Abyss:1  | Alarkh the Demonspawn Abyssal Knight began the quest for the Orb.
     0 | Abyss:1  | Reached XP level 1. HP: 18/18 MP: 2/2
    44 | Abyss:2  | Found a corrupted altar of Lugonu.
    68 | Abyss:2  | Noticed a large abomination
    68 | Abyss:2  | Noticed an ancient zyme
    68 | D:1      | Escaped the Abyss
   508 | D:1      | Reached skill level 1 in Dodging
   612 | D:1      | Gained mutation: You have sharp toenails. [demonic ancestry]
   612 | D:1      | Reached XP level 2. HP: 18/24 MP: 3/3
  1343 | D:2      | Reached * piety under Lugonu
  1830 | D:2      | Reached XP level 3. HP: 14/29 MP: 5/5
  2293 | D:2      | Found an opulent altar of Gozag.
  2294 | D:2      | Found a sparkling altar of Nemelex Xobeh.
  2388 | D:3      | Noticed kidcy's ghost (amateur BaMo)
  2405 | D:3      | HP: 1/29 [kidcy's ghost (12)]
  2407 | D:3      | Mangled by kidcy's ghost

Vault maps used:
D:1:      nicolae_arrival_memento_mori, serial_park_tiny_pond,
          minmay_misc_feat_hallway
D:2:      grunt_temple_overflow_opulence
D:3:      okawaru_metal_pillars_3, first_bread, gup_sewer_entry_spiral,
          minmay_box_of_dots
Abyss:2:  hangedman_decor_peaks_small, hangedman_elemental_corridor

Skill      XL: |  1  2  3 |
---------------+----------+-----
Long Blades    | 2 |  2.1
Dodging        | 1 |  1.5
Armour         | 2 |  2.1
Invocations    | 3 |  3.0
Fighting       | |  3.2

Action                   || total
-------------------------++-------
Melee: Falchion          ||    86
       Kick              ||    17
Invok: Depart the Abyss  ||     1
  Use: Potion            ||     6
  Eat: Chunk             ||     3
Armor: Leather armour    ||    15
       Skin              ||    10
Dodge: Dodged            ||    48
       Rpst.: Falchion   ||    15
